3L
SEATTLE AVIATORS @ HOUSTON 1837 COLT .45S
08/01/2020
 
TOP OF THE 1ST
Seattle Aviators batting - Pitching for Houston 1837 Colt .45s : RHP Dave Goode
Pitching: RHP Dave Goode
Batting: RHB José Lozano 0-0: Ground out 4-3 (Groundball, 4)
Batting: RHB Brian Williams 0-0: Foul Ball, location: 2F
0-1: Ball
1-1: SINGLE (Flyball, 89S)
Batting: RHB Kenzaburo Hori 0-0: Ball
1-0: Ball
2-0: Called Strike
2-1: Ball
3-1: Ground out 5-3 (Groundball, 5S)
Brian Williams to second
Batting: RHB Tanyu Kimura 0-0: Ball
1-0: Foul Ball, location: 2F
1-1: Called Strike
1-2: Strikes out swinging
Top of the 1st over - 0 run(s), 1 hit(s), 0 error(s), 1 left on base; Seattle 0 - Houston 1837 0
BOTTOM OF THE 1ST
Houston 1837 Colt .45s batting - Pitching for Seattle Aviators : LHP Ryan McCall
Pitching: LHP Ryan McCall
Batting: RHB Ed Anderson 0-0: Ball
1-0: Swinging Strike
1-1: Swinging Strike
1-2: Foul Ball, location: 2F
1-2: Ball
2-2: Strikes out looking
Batting: LHB Mark McClear 0-0: Ball
1-0: Called Strike
1-1: Ball
2-1: Foul Ball, location: 2F
2-2: Strikes out swinging
Batting: RHB Bob Dickerson 0-0: Foul Ball, location: 2F
0-1: Ground out 5-3 (Groundball, 56)
Bottom of the 1st over - 0 run(s), 0 hit(s), 0 error(s), 0 left on base; Seattle 0 - Houston 1837 0
TOP OF THE 2ND
Seattle Aviators batting - Pitching for Houston 1837 Colt .45s : RHP Dave Goode
Batting: LHB Ramón García 0-0: Ball
1-0: Foul Ball, location: 2F
1-1: Fly out, F5 (Line Drive, 56S)
Batting: RHB Clarence Fox 0-0: Ball
1-0: Called Strike
1-1: Ground out 6-3 (Groundball, 6)
Batting: RHB Vernon Caw 0-0: Foul Ball, location: 2F
0-1: Swinging Strike
0-2: Ball
1-2: Strikes out swinging
Top of the 2nd over - 0 run(s), 0 hit(s), 0 error(s), 0 left on base; Seattle 0 - Houston 1837 0
BOTTOM OF THE 2ND
Houston 1837 Colt .45s batting - Pitching for Seattle Aviators : LHP Ryan McCall
Batting: RHB Rob Warner 0-0: Foul Ball, location: 2F
0-1: Ball
1-1: Swinging Strike
1-2: Strikes out swinging
Batting: LHB Juan Rodríguez 0-0: Foul Ball, location: 2F
0-1: Called Strike
0-2: Ball
1-2: Ground out 6-3 (Groundball, 6M)
Batting: RHB Steve Hinkle 0-0: Swinging Strike
0-1: Ball
1-1: Ball
2-1: SINGLE (Groundball, 56)
Batting: LHB Jack Robbins 0-0: Ball
1-0: Foul Ball, location: 2F
1-1: Ball
2-1: Foul Ball, location: 2F
2-2: Foul Ball, location: 2F
2-2: Foul Ball, location: 2F
2-2: Foul Ball, location: 2F
2-2: Foul Ball, location: 2F
2-2: Ball
3-2: Base on Balls
Steve Hinkle to second
Pinch Hitting: LHB Casey Bright 0-0: Called Strike
0-1: Ball
1-1: Ground out 4-3 (Groundball, 4MD)
Bottom of the 2nd over - 0 run(s), 1 hit(s), 0 error(s), 2 left on base; Seattle 0 - Houston 1837 0
TOP OF THE 3RD
Seattle Aviators batting - Pitching for Houston 1837 Colt .45s : RHP Dave Goode
Pitching: RHP Nelle Liefting
Batting: RHB Craig Stewart 0-0: Ball
1-0: Ball
2-0: Ball
3-0: Called Strike
3-1: Swinging Strike
3-2: Foul Ball, location: 2F
3-2: Ground out 4-3 (Groundball, 4)
Batting: LHB Ryan McCall 0-0: Called Strike
0-1: Swinging Strike
0-2: Ground out 4-3 (Groundball, 4M)
Batting: RHB José Lozano 0-0: Fly out, F9 (Flyball, 89M)
Top of the 3rd over - 0 run(s), 0 hit(s), 0 error(s), 0 left on base; Seattle 0 - Houston 1837 0
BOTTOM OF THE 3RD
Houston 1837 Colt .45s batting - Pitching for Seattle Aviators : LHP Ryan McCall
Batting: LHB Ray Merrill 0-0: Called Strike
0-1: Fly out, F6 (Popup, 6M)
Batting: RHB Ed Anderson 0-0: Called Strike
0-1: Called Strike
0-2: Foul Ball, location: 2F
0-2: Foul Ball, location: 2F
0-2: Ball
1-2: Ball
2-2: Ball
3-2: Base on Balls
Batting: LHB Mark McClear 0-0: Ball
1-0: Swinging Strike
1-1: Ball
2-1: Ball
3-1: Base on Balls
Ed Anderson to second
Batting: RHB Bob Dickerson 0-0: Called Strike
0-1: Ball
1-1: Grounds into double play, 6-4-3 (Groundball, 6)
Bottom of the 3rd over - 0 run(s), 0 hit(s), 0 error(s), 1 left on base; Seattle 0 - Houston 1837 0
TOP OF THE 4TH
Seattle Aviators batting - Pitching for Houston 1837 Colt .45s : RHP Nelle Liefting
Batting: RHB Brian Williams 0-0: Ball
1-0: Ball
2-0: Called Strike
2-1: Ball
3-1: Foul Ball, location: 2F
3-2: Base on Balls
Batting: RHB Kenzaburo Hori 0-0: Ball
1-0: Called Strike
1-1: Ball
2-1: Ground out 5-3 (Groundball, 5S)
Brian Williams to second
Batting: RHB Tanyu Kimura 0-0: Ball
1-0: Foul Ball, location: 2F
1-1: Foul Ball, location: 2F
1-2: Fly out, F8 (Flyball, 8RD)
Runner from 2nd tags up, SAFE at 3rd, no throw
Batting: LHB Ramón García 0-0: Ball
1-0: Fly out, F9 (Flyball, 89D)
Top of the 4th over - 0 run(s), 0 hit(s), 0 error(s), 1 left on base; Seattle 0 - Houston 1837 0
BOTTOM OF THE 4TH
Houston 1837 Colt .45s batting - Pitching for Seattle Aviators : LHP Ryan McCall
Batting: RHB Rob Warner 0-0: Called Strike
0-1: SINGLE (Line Drive, 78S)
Batting: LHB Juan Rodríguez 0-0: Called Strike
0-1: Grounds into double play, 4-6-3 (Groundball, 34)
Batting: RHB Steve Hinkle 0-0: Ground out 6-3 (Groundball, 6)
Bottom of the 4th over - 0 run(s), 1 hit(s), 0 error(s), 0 left on base; Seattle 0 - Houston 1837 0
TOP OF THE 5TH
Seattle Aviators batting - Pitching for Houston 1837 Colt .45s : RHP Nelle Liefting
Batting: RHB Clarence Fox 0-0: Ball
1-0: Ball
2-0: Ball
3-0: Base on Balls
Batting: RHB Vernon Caw 0-0: Ball
1-0: Ball
2-0: Sac Bunt - play at first, batter OUT! 1-4
Clarence Fox to second
Batting: RHB Craig Stewart 0-0: Ball
1-0: Foul Ball, location: 2F
1-1: Ground out 6-3 (Groundball, 6M)
Clarence Fox to third
Batting: LHB Ryan McCall 0-0: Ball
1-0: Ball
2-0: Foul Ball, location: 2F
2-1: Fly out, F7 (Flyball, 7M)
Top of the 5th over - 0 run(s), 0 hit(s), 0 error(s), 1 left on base; Seattle 0 - Houston 1837 0
BOTTOM OF THE 5TH
Houston 1837 Colt .45s batting - Pitching for Seattle Aviators : LHP Ryan McCall
Batting: LHB Jack Robbins 0-0: Ball
1-0: Foul Ball, location: 2F
1-1: Foul Ball, location: 2F
1-2: Ball
2-2: Foul Ball, location: 2F
2-2: Strikes out swinging
Batting: RHB Nelle Liefting 0-0: Ball
1-0: Foul Ball, location: 2F
1-1: Called Strike
1-2: Strikes out swinging
Batting: LHB Ray Merrill 0-0: Fly out, F7 (Flyball, 78M)
Bottom of the 5th over - 0 run(s), 0 hit(s), 0 error(s), 0 left on base; Seattle 0 - Houston 1837 0
TOP OF THE 6TH
Seattle Aviators batting - Pitching for Houston 1837 Colt .45s : RHP Nelle Liefting
Batting: RHB José Lozano 0-0: Called Strike
0-1: Ball
1-1: Foul Ball, location: 2F
1-2: Foul Ball, location: 2F
1-2: Ball
2-2: Ball
3-2: SINGLE (Groundball, 34D)
Batting: RHB Brian Williams 0-0: Foul Ball, location: 2F
0-1: Ball
1-1: Grounds into double play, 5-4-3 (Groundball, 5L)
Batting: RHB Kenzaburo Hori 0-0: Ball
1-0: Foul Ball, location: 2F
1-1: SINGLE (Groundball, 4MD)
Batting: RHB Tanyu Kimura 0-0: Called Strike
0-1: Ball
1-1: Called Strike
1-2: Foul Ball, location: 2F
1-2: Fly out, F9 (Flyball, 9S)
Top of the 6th over - 0 run(s), 2 hit(s), 0 error(s), 1 left on base; Seattle 0 - Houston 1837 0
BOTTOM OF THE 6TH
Houston 1837 Colt .45s batting - Pitching for Seattle Aviators : LHP Ryan McCall
Batting: RHB Ed Anderson 0-0: Called Strike
0-1: Ball
1-1: Foul Ball, location: 2F
1-2: Strikes out swinging
Batting: LHB Mark McClear 0-0: Ball
1-0: Called Strike
1-1: Foul Ball, location: 2F
1-2: SINGLE (Groundball, 6MD)
Batting: RHB Bob Dickerson 0-0: Ball
1-0: Foul Ball, location: 2F
1-1: Ball
2-1: Called Strike
2-2: Ball
3-2: Reached on error, E6 (Groundball, 6M)
Mark McClear to second
Batting: RHB Rob Warner 0-0: Ball
1-0: Ball
2-0: Ball
3-0: Base on Balls
Mark McClear to third
Bob Dickerson to second
Batting: LHB Juan Rodríguez 0-0: Called Strike
0-1: Ball
1-1: Ball
2-1: Foul Ball, location: 2F
2-2: Foul Ball, location: 2F
2-2: Foul Ball, location: 2F
2-2: Foul Ball, location: 2F
2-2: Ball
3-2: Base on Balls
Mark McClear scores
Bob Dickerson to third
Rob Warner to second
Batting: RHB Steve Hinkle 0-0: Called Strike
0-1: Foul Ball, location: 2F
0-2: Ball
1-2: Strikes out swinging
Batting: LHB Jack Robbins 0-0: Ball
1-0: Swinging Strike
1-1: Ball
2-1: Fly out, F9 (Flyball, 9M)
Bottom of the 6th over - 1 run(s), 1 hit(s), 1 error(s), 3 left on base; Seattle 0 - Houston 1837 1
TOP OF THE 7TH
Seattle Aviators batting - Pitching for Houston 1837 Colt .45s : RHP Nelle Liefting
Batting: LHB Ramón García 0-0: Foul Ball, location: 2F
0-1: Swinging Strike
0-2: SINGLE (Flyball, 8LS)
Pinch Hitting: LHB En-lai Gao 0-0: Bunted foul
0-1: Sac Bunt - play at first, batter OUT! 1-4
Ramón García to second
Batting: RHB Vernon Caw 0-0: Foul Ball, location: 2F
0-1: Swinging Strike
0-2: Ball
1-2: Strikes out looking
Batting: RHB Craig Stewart 0-0: Ball
1-0: Ground out 1-3 (Groundball, 13S)
Top of the 7th over - 0 run(s), 1 hit(s), 0 error(s), 1 left on base; Seattle 0 - Houston 1837 1
BOTTOM OF THE 7TH
Houston 1837 Colt .45s batting - Pitching for Seattle Aviators : LHP Ryan McCall
Now in RF: En-lai Gao
Pinch Hitting: LHB Tomás Guillén 0-0: Called Strike
0-1: Called Strike
0-2: Foul Ball, location: 2F
0-2: Foul Ball, location: 2F
0-2: Strikes out swinging
Batting: LHB Ray Merrill 0-0: Called Strike
0-1: Called Strike
0-2: Ball
1-2: Foul Ball, location: 2F
1-2: Ball
2-2: Foul Ball, location: 2F
2-2: Foul Ball, location: 2F
2-2: Ball
3-2: Fly out, F6 (Line Drive, 6)
Batting: RHB Ed Anderson 0-0: Ball
1-0: Ball
2-0: Called Strike
2-1: Ball
3-1: Base on Balls
Pitching: RHP Esteban García
Now in RF: Ernest Miller
Batting: LHB Mark McClear 0-0: Called Strike
0-1: Ball
1-1: Ball
2-1: Called Strike
2-2: Ball
3-2: Ground out 1-3 (Groundball, 13)
Bottom of the 7th over - 0 run(s), 0 hit(s), 0 error(s), 1 left on base; Seattle 0 - Houston 1837 1
TOP OF THE 8TH
Seattle Aviators batting - Pitching for Houston 1837 Colt .45s : RHP Nelle Liefting
Pitching: RHP Jason Hubbell
Batting: SHB Ernest Miller 0-0: Ball
1-0: Called Strike
1-1: Ground out 4-3 (Groundball, 4M)
Batting: RHB José Lozano 0-0: Foul Ball, location: 2F
0-1: Foul Ball, location: 2F
0-2: Foul Ball, location: 2F
0-2: Fly out, F8 (Flyball, 8RM)
Batting: RHB Brian Williams 0-0: Ball
1-0: Called Strike
1-1: Foul Ball, location: 2F
1-2: Fly out, F7 (Flyball, 78XD)
Top of the 8th over - 0 run(s), 0 hit(s), 0 error(s), 0 left on base; Seattle 0 - Houston 1837 1
BOTTOM OF THE 8TH
Houston 1837 Colt .45s batting - Pitching for Seattle Aviators : RHP Esteban García
Batting: RHB Bob Dickerson 0-0: Ball
1-0: Foul Ball, location: 2F
1-1: Ground out 5-3 (Groundball, 56)
Batting: RHB Rob Warner 0-0: Called Strike
0-1: Ball
1-1: Called Strike
1-2: Foul Ball, location: 2F
1-2: Foul Ball, location: 2F
1-2: Foul Ball, location: 2F
1-2: Fly out, F9 (Flyball, 9S)
Batting: LHB Juan Rodríguez 0-0: Called Strike
0-1: Ball
1-1: Ground out 6-3 (Groundball, 6M)
Bottom of the 8th over - 0 run(s), 0 hit(s), 0 error(s), 0 left on base; Seattle 0 - Houston 1837 1
TOP OF THE 9TH
Seattle Aviators batting - Pitching for Houston 1837 Colt .45s : RHP Jason Hubbell
Pitching: RHP Travis Hall
Now at SS: Dave Bush
Pinch Hitting: LHB Phil Parkinson 0-0: SINGLE (Line Drive, 6MD)
Batting: RHB Tanyu Kimura 0-0: Ball
1-0: Swinging Strike
1-1: Ball
2-1: Foul Ball, location: 2F
2-2: Foul Ball, location: 2F
2-2: Ball
3-2: Ground out 5-3 (Groundball, 5S)
Phil Parkinson to second
Batting: LHB Ramón García 0-0: Ball
1-0: Ball
2-0: Ball
3-0: Base on Balls
Pinch Hitting: RHB Lawrence Bell 0-0: Ball
1-0: Ball
2-0: Grounds into double play, 6-4-3 (Groundball, 6)
Top of the 9th over - 0 run(s), 1 hit(s), 0 error(s), 1 left on base; Seattle 0 - Houston 1837 1
This league is powered by Out of the Park Baseball, the baseball management simulation game for PC, Mac and Linux
Friday, October 23rd, 2015 - OOTP Baseball 16.9 Build 39